Map: Moonlight Madness LE (Void)

Players

Bioice - Winner!

  • Race: Zerg Zerg
  • League: Diamond

Pure

  • Race: Protoss Protoss
  • League: Diamond

Event: ASL Season 5 Prime League LOTV Beta

VOD

Have the link to the VOD?

Description

Time

  • Played on: Sept. 1, 2015, 9:27 p.m.
  • Length: 10:46

All games in this series

Show
View Real Time Build Order
Export as new Build Order

Bioice Zerg - Winner!

Build Orders: Hatch First 

Get SALT Encoding   

  12  0:01  Drone  
  13  0:09  Drone  
  14  0:16  Drone, Extractor  
  14  0:22  Extractor  
  14  0:23  Drone  
  14  0:27  Overlord  
  16  0:51  Hatchery  
  16  0:53  Drone  
  16  0:56  Drone  
  17  1:00  Drone  
  18  1:14  Spawning Pool  
  18  1:15  Extractor  
  16  1:18  Drone  
  16  1:21  Drone  
  18  1:28  Drone  
  19  1:42  Overlord  
  19  1:59  Drone  
  19  2:00  Drone  
  21  2:04  Queen x2  
  21  2:07  Zergling x2  
  26  2:11  Drone  
  26  2:14  Drone  
  28  2:22  Drone  
  29  2:28  Overlord  
  29  2:32  Drone  
  29  2:35  Drone  
  31  2:40  Metabolic Boost  
  31  2:43  Drone  
  32  2:53  Drone  
  32  2:55  Drone  
  32  2:56  Hatchery  
  33  2:59  Drone  
  34  3:09  Drone, Overlord  
  35  3:14  Drone x2  
  35  3:16  Drone  
  38  3:22  Zergling x6  
  41  3:27  Queen  
  41  3:29  Overlord  
  43  3:35  Extractor  
  43  3:36  Drone  
  43  3:44  Drone x3  
  43  3:46  Drone x3  
  49  3:50  Lair  
  49  3:52  Drone  
  50  3:56  Roach Warren  
  50  3:57  Extractor  
  50  3:58  Extractor  
  50  3:59  Overlord  
  47  4:04  Drone  
  47  4:07  Drone  
  49  4:18  Drone  
  49  4:20  Drone  
  49  4:21  Drone x6  
  57  4:31  Overlord  
  57  4:32  Drone  
  58  4:41  Overlord  
  58  4:42  Drone  
  58  4:45  Evolution Chamber  
  58  4:47  Evolution Chamber  
  58  4:50  Glial Reconstitution  
  57  4:53  Drone x5  
  57  4:55  Overlord  
  57  4:56  Roach  
  64  5:00  Roach  
  64  5:02  Infestation Pit, Roach  
  64  5:04  Roach  
  69  5:13  Roach x4  
  77  5:18  Drone  
  77  5:19  Hydralisk Den  
  74  5:32  Overlord  
  74  5:33  Drone x4  
  77  5:35  Extractor x2  
  77  5:36  Drone  
  77  5:37  Zergling x2  
  77  5:41  Overlord  
  77  5:44  Hive, Zerg Missile Weapons Level 1, Zerg Ground Armor Level 1  
  77  5:46  Drone x2  
  77  5:48  Hydralisk  
  81  5:51  Hydralisk  
  81  5:54  Hydralisk  
  85  5:59  Hydralisk  
  85  6:02  Hydralisk  
  89  6:07  Spore Crawler  
  89  6:08  Hydralisk  
  89  6:09  Spore Crawler  
  89  6:15  Hydralisk  
  89  6:16  Hydralisk  
  93  6:31  Hydralisk x2  
  93  6:40  Hydralisk x3  
  93  6:43  Queen  
  93  6:45  Hydralisk  
  101  6:53  Hydralisk x2  
  101  6:54  Hydralisk  
  103  6:57  Overlord x2  
  105  7:05  Overlord x2  
  105  7:07  Overseer  
  105  7:11  Overlord  
  105  7:12  Overlord x2  
  105  7:26  Viper x2  
  105  7:28  Drone x6  
  105  7:29  Drone x2  
  119  7:35  Drone  
  119  7:36  Hatchery  
  119  7:38  Roach  
  119  7:40  Zerg Missile Weapons Level 2  
  119  7:42  Hydralisk  
  123  7:46  Hydralisk x3  
  123  7:47  Hydralisk  
  131  7:59  Overlord x2  
  131  8:08  Overlord x3  
  117  8:29  Hydralisk x11  
  117  8:30  Zergling x2  
  117  8:31  Zergling x2  
  137  8:41  Drone x3  
  140  8:50  Drone x2  
  140  8:51  Drone  
  140  8:52  Drone  
  144  8:58  Drone  
  144  8:59  Drone x2  
  144  9:00  Muscular Augments  
  144  9:02  Drone x3  
  150  9:03  Extractor  
  150  9:04  Drone, Extractor  
  150  9:08  Spore Crawler  
  148  9:10  Spore Crawler  
  148  9:12  Drone x3  
  144  9:30  Hydralisk x5  
  144  9:31  Hydralisk x3  
  148  9:45  Hydralisk  
  148  9:46  Hydralisk x5  
  148  9:51  Hydralisk x2  
  140  10:06  Hydralisk x3  
  132  10:07  Hydralisk x6  
  132  10:13  Hydralisk x3  
  135  10:36  Hatchery  
Show
View Real Time Build Order
Export as new Build Order

Pure Protoss 

Build Orders:  

Get SALT Encoding   

  12  0:00  Probe  
  13  0:13  Probe  
  14  0:19  Pylon  
  14  0:25  Probe  
  15  0:38  Probe  
  16  0:50  Probe  
  17  1:03  Probe  
  18  1:10  Nexus  
  18  1:15  Probe  
  19  1:22  Forge  
  19  1:29  Pylon  
  19  1:30  Probe  
  20  1:42  Probe  
  21  1:53  Assimilator  
  21  1:54  Probe  
  21  1:57  Gateway  
  21  1:59  Photon Cannon  
  22  2:03  Assimilator  
  22  2:06  Probe  
  23  2:16  Pylon  
  23  2:22  Probe  
  24  2:31  Probe  
  24  2:35  Probe  
  26  2:42  Pylon, Photon Cannon  
  26  2:43  Probe  
  26  2:47  Probe  
  27  2:52  Cybernetics Core  
  27  2:55  Probe  
  28  2:59  Probe  
  28  3:05  Assimilator  
  29  3:07  Probe  
  29  3:12  Probe  
  31  3:19  Probe  
  32  3:24  Probe  
  33  3:31  Probe  
  33  3:34  Stargate  
  34  3:35  Stargate  
  34  3:36  Probe  
  35  3:43  Probe  
  35  3:46  Stalker  
  35  3:48  Probe  
  39  3:55  Probe  
  39  4:00  Probe  
  41  4:08  Probe  
  42  4:12  Probe  
  43  4:19  Void Ray  
  43  4:20  Probe, Void Ray  
  43  4:22  Photon Cannon  
  51  4:24  Probe, Pylon  
  52  4:35  Probe  
  52  4:36  Probe  
  54  4:38  Pylon  
  54  4:54  Photon Cannon  
  54  5:00  Assimilator  
  54  5:02  Void Ray x2  
  62  5:12  Mothership Core  
  62  5:31  Probe  
  62  5:33  Probe  
  64  5:35  Fleet Beacon  
  64  5:42  Sentry  
  66  5:44  Probe  
  66  5:45  Probe  
  68  6:01  Carrier  
  68  6:05  Pylon  
  68  6:08  Pylon  
  68  6:10  Pylon  
  68  6:11  Probe x2  
  68  6:18  Carrier  
  76  6:26  Nexus  
  76  6:28  Pylon  
  76  6:39  Probe x2  
  80  6:59  Graviton Catapult  
  80  7:06  Photon Cannon  
  80  7:07  Pylon, Carrier  
  80  7:09  Photon Cannon  
  80  7:11  Photon Cannon  
  80  7:12  Photon Cannon  
  80  7:14  Pylon  
  80  7:19  Gateway  
  80  7:20  Pylon  
  80  7:21  Photon Cannon  
  80  7:23  Carrier  
  86  7:36  Probe x2  
  87  7:48  Probe  
  87  7:49  Protoss Air Weapons Level 1  
  94  8:11  Photon Cannon  
  94  8:17  Photon Cannon  
  94  8:18  Carrier  
  94  8:24  Probe x3  
  94  8:25  Assimilator  
  97  8:29  Assimilator  
  97  8:34  Photon Cannon  
  97  8:35  Photon Cannon x2  
  97  8:38  Pylon  
  103  8:44  Carrier  
  101  8:50  Photon Cannon  
  101  8:55  Probe x2  
  108  9:10  Probe  
  108  9:11  Probe  
  105  9:57  Probe x2  
Tags
 
Add a new tag
Caveats
  • Supply blocks, unpowered buildings, or Contaminate may cause inaccurate times.
  • Supply counts are checked every 10 seconds.